 Dungeon Crawl Stone Soup version 0.16-a0-421-gd787d97 (webtiles) character file.

46 Kashira the Scratcher (level 3, -1/15 HPs)
             Began as a Felid Transmuter on Sept 15, 2014.
             Slain by a jackal (2 damage)
             ... on Level 3 of the Dungeon.
             The game lasted 00:05:01 (1449 turns).

Kashira the Scratcher (Felid Transmuter)            Turns: 1449, Time: 00:05:01

HP  -1/15        AC  1     Str  6      XL: 3   Next: 44%
MP   4/8         EV 24     Int 15      God:
Gold 6           SH  0     Dex 21      Spells:  3 memorised,  0 levels left
Lives: 0, deaths: 0

rFire  . . .     SeeInvis +       - Unarmed
rCold  . . .     Clarity  .     (armour unavailable)
rNeg   . . .     rCorr    .     (shield unavailable)
rPois  .         rRot     .     (helmet unavailable)
rElec  .         Spirit   .     (cloak unavailable)
SustAb .         Warding  .     (gloves unavailable)
rMut   .         Stasis   .     (boots unavailable)
Gourm  .                        (no amulet)
MR     .....                    (no ring)
                                (no ring)

@: agile, exhausted, quick, not resistant to hostile enchantments, fairly
stealthy
A: paw claws, no armour, no weapons or thrown items, fangs 3, see invisible,
carnivore 3, speed 1, shaggy fur 1, slow metabolism 1, jump 1
a: Jump Attack


You were on level 3 of the Dungeon.
You were very hungry.

You visited 1 branch of the dungeon, and saw 3 of its levels.

You collected 6 gold pieces.

Inventory:

Missiles
 b - 81 arrows
Comestibles
 a - a meat ration
Scrolls
 c - a scroll of fog {unknown}
 f - a scroll of identify {unknown}
Books
 d - a book of Changes

   Spells                             Type                      Level
   *Beastly Appendage                 Transmutation                1
   *Sticks to Snakes                  Transmutation                2
   *Spider Form                       Transmutation/Poison         3
   Ice Form                           Ice/Transmutation            4
   Blade Hands                        Transmutation                5


   Skills:
 - Level 1.3 Fighting
 - Level 3.2 Dodging
 - Level 3.4 Unarmed Combat
 - Level 2.3 Spellcasting
 * Level 2.8 Transmutations


You couldn't memorise any spells.
You knew the following spells:

 Your Spells              Type           Power        Failure   Level  Hunger
a - Beastly Appendage     Trmt           ##....       10%         1    #......
b - Sticks to Snakes      Trmt           ##........   12%         2    ##.....
c - Spider Form           Trmt/Pois      #.........   34%         3    ####...


Dungeon Overview and Level Annotations

Branches:
Dungeon (3/15)

Altars:

Annotations:
D:2 Ijyb


Innate Abilities, Weirdness & Mutations

You cannot wear armour.
You are incapable of wielding weapons or throwing items.
Your paws have sharp claws.
You have razor-sharp teeth.
You have supernaturally acute eyesight.
You are carnivorous and can eat meat at any time.
You cover ground quickly.
You are covered in fur (AC +1).
You have a slow metabolism.
You can jump attack at a short distance.


Message History

Aim: a jackal You jump-attack the jackal!
You scratch the jackal.
You kill the jackal!
You feel somewhat more hungry.
You hear a shout! x4
You hear a bark! x2
You hear a shout! x3
The jackal closely misses you.
A hobgoblin comes into view.
* * * LOW HITPOINT WARNING * * *
You feel sick.
The hobgoblin shouts!
A hobgoblin comes into view.
You see here 26 arrows.
b - 81 arrows (gained 26)
* * * LOW HITPOINT WARNING * * *
You feel sick.
You are no longer poisoned.
The jackal completely misses you. The jackal bites you.
You die...

#.##.##### ....#
#........###.....##
#.....g..'.........
###.......######....
..................#
...............r...
......##S#########.
.... #h# ## #@# #.#
#.# #.. ###


You could see an adder, a jackal and a hobgoblin.

Vanquished Creatures
  2 adders (D:2)
  2 giant cockroaches (D:1)
  2 hobgoblins (D:1)
  9 kobolds
  A ball python (D:1)
  A giant gecko (D:2)
  4 giant newts
  5 goblins (D:1)
  A jackal (D:3)
  6 rats
33 creatures vanquished.

Vanquished Creatures (collateral kills)
  A hobgoblin (D:1)
  A goblin (D:1)
2 creatures vanquished.

Grand Total: 35 creatures vanquished

Notes
Turn   | Place    | Note
--------------------------------------------------------------
     0 | D:1      | Kashira, the Felid Transmuter, began the quest for the Orb.
     0 | D:1      | Reached XP level 1. HP: 9/9 MP: 4/4
    25 | D:1      | Reached XP level 2. HP: 9/12 MP: 3/5
   139 | D:1      | Learned a level 2 spell: Sticks to Snakes
  1080 | D:2      | Reached XP level 3. HP: 10/15 MP: 6/8
  1100 | D:1      | Learned a level 3 spell: Spider Form
  1405 | D:2      | Noticed Ijyb
  1449 | D:3      | Slain by a jackal

Action                   || total
-------------------------++-------
Melee: Unarmed           ||    69
 Cast: Beastly Appendage ||    14
       Sticks to Snakes  ||     4
       Spider Form       ||     2
 Abil: Jump Attack       ||     3
  Use: Potion            ||     1
